 Dungeon Crawl Stone Soup version 0.31-a0-859-g9dce7d3444 (webtiles) character file.

Game seed: 1900417620338294686

1877 subawu the Ruffian (level 9, -8/67 HPs)
             Began as a Gnoll Shapeshifter on Oct 9, 2023.
             Killed by divine providence
             ... invoked by an orc priest
              (10 damage)
             ... on level 6 of the Dungeon.
             The game lasted 00:21:25 (5552 turns).

subawu the Ruffian (Gnoll Shapeshifter)             Turns: 5552, Time: 00:21:26

Health: -8/67      AC:  9    Str: 18    XL:     9   Next: 14%
Magic:  14/15      EV:  9    Int:  9    God:
Gold:   154        SH:  0    Dex: 12    Spells: 13/16 levels left

rFire   + .          .
                       - Unarmed
rCold   + . .        s - melded +2 tower shield
rNeg    . . .        f - +0 chain mail
rPois   .            (no helmet)
rElec   .            u - scarf {rC+ rF+}
rCorr   .            (no gloves)
SInv    .            (no boots)
Will    .....        (no amulet) Stlth
                     (no ring)
HPRegen 0.31/turn    (no ring)
MPRegen 0.14/turn

%: no passive effects
@: flux-form, glowing
A: glow, contaminating, fangs 1, strong nose, distributed training
a: Begin Untransformation


You were on level 6 of the Dungeon.
You were something dangerously unstable.
You visited 1 branch of the dungeon, and saw 6 of its levels.

You collected 154 gold pieces.

Inventory:

Missiles
 g - 5 atropa-tipped darts
 l - 35 stones
 z - 4 silver javelins
 G - 2 throwing nets
 I - 5 javelins
Armour
 a - a +0 animal skin
 f - a +0 chain mail (worn)
 h - a +0 leather armour
 i - a +0 scale mail
 k - a +2 ring mail of willpower
 n - a +0 ring mail
 s - a +2 tower shield (melded)
 u - a scarf of resistance (worn)
 x - an orb of energy
 J - a +1 cloak of stealth
Talismans
 c - a beast talisman
 d - a flux talisman (active)
Wands
 r - a wand of flame (15)
 E - a wand of paralysis (4)
 H - a wand of roots (12)
Scrolls
 e - a scroll of teleportation
 t - 2 scrolls of noise
 A - 2 scrolls of blinking {unknown}
 D - a scroll of immolation {unknown}
 F - 2 scrolls of amnesia {unknown}
Potions
 b - a potion of brilliance {unknown}
 q - a potion of attraction
 w - a potion of cancellation {unknown}
 B - a potion of might {unknown}
 C - a potion of berserk rage {unknown}


   Skills:
 + Level 4.8 Fighting
 + Level 4.0 Short Blades
 + Level 4.0 Long Blades
 + Level 4.0 Axes
 + Level 4.0 Maces & Flails
 + Level 4.0 Polearms
 + Level 4.0 Staves
 + Level 4.0 Ranged Weapons
 + Level 4.0 Throwing
 + Level 4.0 Armour
 + Level 6.1 Dodging
 + Level 4.0 Stealth
 + Level 4.0 Shields
 + Level 7.7 Unarmed Combat
 + Level 4.0 Spellcasting
 + Level 3.3 Conjurations
 + Level 3.3 Hexes
 + Level 3.3 Summonings
 + Level 3.3 Necromancy
 + Level 3.3 Translocations
 + Level 3.3 Transmutations
 + Level 3.3 Fire Magic
 + Level 3.3 Ice Magic
 + Level 3.3 Air Magic
 + Level 3.3 Earth Magic
 + Level 3.3 Poison Magic
 + Level 4.4 Invocations
 + Level 4.0 Evocations
 + Level 7.5 Shapeshifting


You had 13 spell levels left.
You knew the following spells:

 Your Spells              Type           Power      Damage    Failure   Level
a - Apportation           Tloc           14%        N/A       54%         1
b - Necrotise             Necr           28%        1d5       54%         1
c - Summon Small Mammal   Summ           28%        N/A       54%         1

Your spell library contained the following spells:

 Spells                   Type           Power      Damage    Failure   Level
 Lesser Beckoning         Tloc           14%        N/A       67%         2


Dungeon Overview and Level Annotations

Branches:
Dungeon (6/15)
 Temple: D:4-7

Altars:
Gozag


Innate Abilities, Weirdness & Mutations

You are something dangerously unstable.
You glow with magical radiation, making you easy to see and hit.
Foes you strike become dangerously contaminated with magical radiation.
You are incapable of wielding weapons or throwing items.
You have very sharp teeth.
Your uncanny sense of smell can sniff out nearby items.
Your experience applies equally to all skills.


Message History

The orc priest hits you but does no damage.
You hit the gnoll.
The gnoll shudders as magic cascades through it.
You kill the gnoll!
The orc closely misses you. Something hits you but does no damage.
The orc priest hits you with a +0 club. The gnoll hits you but does no damage.
The gnoll closely misses you. The orc priest hits you with a +0 whip.
The orc attacks as it pursues you! The orc hits you but does no damage.
Something hits you.
* * * LOW HITPOINT WARNING * * *
The gnoll misses you.
The orc priest hits you but does no damage.
The gnoll closely misses you.
You see here a +0 club.
You closely miss the orc priest.
You bite the orc priest, but do no damage.
The gnoll hits you but does no damage. The orc priest barely misses you.
The gnoll hits you with a +0 flail.
* * * LOW HITPOINT WARNING * * *
The orc hits you but does no damage. Something hits you but does no damage.
Unknown command.
You closely miss the orc priest.
The gnoll hits you from afar with a +0 spear.
* * * LOW HITPOINT WARNING * * *
The orc priest mumbles some strange prayers to Beogh against you.
Beogh smites you!
* * * LOW HITPOINT WARNING * * *
The gnoll hits you but does no damage.
The orc priest miscasts a cantrip.
Something hits you but does no damage.
Casting: Apportation (safe; 54% risk of failure)
Confirm with . or Enter, or press ? or * to list all spells.
Aiming: Necrotise (safe; 54% risk of failure)
Press: ? - help, Shift-Dir - straight line, f/p - orc priest
Aim: an orc priest, wielding a +0 club and wearing a +0 ring mail (chance to affect: 55%)
The orc priest resists with significant effort.
The gnoll barely misses you.
The orc priest calls down the wrath of Beogh upon you.
Beogh smites you!
You die...

...........#
..........>#
...........# ..........#
.........#+#####+
##########..............
.........#.....{o.......
.....<...'...)o.p.......
.........#....gog.......
#+###...##.....g........
##########.......###
#.......# #.......#
#.......# +.......#


You could see 2 orc priests, 3 gnolls and an orc.

Vanquished Creatures
  The ghost of laschroeter the Trooper, a novice HuMo (D:3)
  Grinder (D:5)
  The ghost of bahustanut the Sneak, an amateur OpEE (D:4)
  Sigmund (D:4)
  3 black bears
  2 phantoms (D:5)
  A scorpion (D:4)
  A water moccasin skeleton (D:4)
  A centaur zombie (D:4)
  2 hounds
  2 orc priests (D:5)
  Jessica (D:3)
  An orc wizard (D:5)
  3 sleepcaps
  3 iguanas
  2 gnolls
  9 adders
  2 ufetubi
  2 dart slugs
  8 orcs
  4 bats
  5 endoplasms
  4 giant cockroaches
  11 goblins
  2 hobgoblins
  4 quokkas
  5 ball pythons
  4 frilled lizards
  5 kobolds
  9 rats
100 creatures vanquished.

Notes
Turn   | Place    | Note
-------+----------+-------------------------------------------
     0 | D:1      | subawu the Gnoll Shapeshifter began the quest for the Orb.
     0 | D:1      | Reached XP level 1. HP: 17/17 MP: 1/1
   173 | D:1      | Reached XP level 2. HP: 23/23 MP: 2/2
   485 | D:1      | Reached XP level 3. HP: 28/28 MP: 3/3
  1221 | D:2      | Reached skill level 1 in Invocations
  1305 | D:2      | Reached skill level 1 in Short Blades
  1305 | D:2      | Reached skill level 1 in Long Blades
  1305 | D:2      | Reached skill level 1 in Axes
  1305 | D:2      | Reached skill level 1 in Maces & Flails
  1305 | D:2      | Reached skill level 1 in Polearms
  1305 | D:2      | Reached skill level 1 in Staves
  1305 | D:2      | Reached skill level 1 in Ranged Weapons
  1305 | D:2      | Reached skill level 1 in Throwing
  1305 | D:2      | Reached skill level 1 in Armour
  1305 | D:2      | Reached skill level 1 in Stealth
  1305 | D:2      | Reached skill level 1 in Shields
  1305 | D:2      | Reached skill level 1 in Spellcasting
  1305 | D:2      | Reached skill level 1 in Evocations
  1348 | D:2      | Reached XP level 4. HP: 34/34 MP: 5/5
  1699 | D:2      | Reached skill level 1 in Conjurations
  1699 | D:2      | Reached skill level 1 in Hexes
  1699 | D:2      | Reached skill level 1 in Summonings
  1699 | D:2      | Reached skill level 1 in Necromancy
  1699 | D:2      | Reached skill level 1 in Translocations
  1699 | D:2      | Reached skill level 1 in Transmutations
  1699 | D:2      | Reached skill level 1 in Fire Magic
  1699 | D:2      | Reached skill level 1 in Ice Magic
  1699 | D:2      | Reached skill level 1 in Air Magic
  1699 | D:2      | Reached skill level 1 in Earth Magic
  1699 | D:2      | Reached skill level 1 in Poison Magic
  1783 | D:3      | Found a runed translucent door.
  1787 | D:3      | Noticed laschroeter's ghost (novice HuMo)
  1832 | D:3      | Found a faded altar of an unknown god.
  2087 | D:3      | Noticed Jessica
  2095 | D:3      | Killed Jessica
  2096 | D:3      | Reached XP level 5. HP: 27/40 MP: 5/7
  2103 | D:3      | Got a graven book
  2204 | D:3      | HP: 1/40 [laschroeter's ghost (5)]
  2206 | D:3      | Killed laschroeter's ghost
  2207 | D:3      | Reached skill level 5 in Dodging
  2207 | D:3      | Reached XP level 6. HP: 2/47 MP: 7/9
  2402 | D:3      | Found an opulent altar of Gozag.
  2507 | D:3      | Reached XP level 7. HP: 52/52 MP: 10/10
  3659 | D:4      | Found a runed translucent gate.
  3659 | D:4      | Found a runed translucent gate.
  3659 | D:4      | Found a runed translucent gate.
  3660 | D:4      | Noticed bahustanut's ghost (amateur OpEE)
  3853 | D:4      | Noticed Sigmund
  3859 | D:4      | Killed Sigmund
  4278 | D:5      | Entered Level 5 of the Dungeon
  4295 | D:4      | Reached XP level 8. HP: 32/60 MP: 12/12
  4435 | D:4      | Killed bahustanut's ghost
  5016 | D:5      | Learned a level 1 spell: Apportation
  5018 | D:5      | Learned a level 1 spell: Necrotise
  5020 | D:5      | Learned a level 1 spell: Summon Small Mammal
  5187 | D:5      | Reached XP level 9. HP: 63/66 MP: 14/14
  5238 | D:5      | Noticed Grinder
  5247 | D:5      | Killed Grinder
  5551 | D:6      | HP: 2/67 [orc priest/divine providence (14)]
  5552 | D:6      | Killed from afar by an orc priest

Illustrated notes

Levels and vault maps discovered:
D:1:      roderic_crop_circles_arrival_small, layout_basic
D:2:      layout_rooms
D:3:      layout_basic, grunt_gozag_breadcrumbs, ebering_ghost_sewer_d,
          hellmonk_ecumenical_altar_pennies_from_heaven,
          kennysheep_jessica_study
D:4:      layout_basic, gammafunk_ghost_necromancy, minmay_box_of_dots,
          uniq_sigmund
D:5:      layout_rooms, nicolae_figureground_pulse, uniq_grinder
D:6:      layout_gridville, bloody_makhleb, serial_shops, nicolae_shop_crystal

Skill      XL: |  1  2  3  4  5  6  7  8  9 |
---------------+----------------------------+-----
Invocations    | 1 2 3 4 |  4.4
Short Blades   | 1 2 3 4 |  4.0
Long Blades    | 1 2 3 4 |  4.0
Axes           | 1 2 3 4 |  4.0
Maces & Flails | 1 2 3 4 |  4.0
Polearms       | 1 2 3 4 |  4.0
Staves         | 1 2 3 4 |  4.0
Ranged Weapons | 1 2 3 4 |  4.0
Throwing       | 1 2 3 4 |  4.0
Armour         | 1 2 3 4 |  4.0
Stealth        | 1 2 3 4 |  4.0
Shields        | 1 2 3 4 |  4.0
Spellcasting   | 1 2 3 4 |  4.0
Evocations     | 1 2 3 4 |  4.0
Conjurations   | 1 2 3 |  3.3
Hexes          | 1 2 3 |  3.3
Summonings     | 1 2 3 |  3.3
Necromancy     | 1 2 3 |  3.3
Translocations | 1 2 3 |  3.3
Transmutations | 1 2 3 |  3.3
Fire Magic     | 1 2 3 |  3.3
Ice Magic      | 1 2 3 |  3.3
Air Magic      | 1 2 3 |  3.3
Earth Magic    | 1 2 3 |  3.3
Poison Magic   | 1 2 3 |  3.3
Fighting       | 3 4 |  4.8
Dodging        | 5 6 |  6.1
Unarmed Combat | 7 |  7.7
Shapeshifting  | 7 |  7.5

Action                     |  1- 3 |  4- 6 |  7- 9 || total
---------------------------+-------+-------+-------++-------
  Melee: Unarmed           |    90 |    72 |   167 ||   329
         Bite              |     4 |     8 |    21 ||    33
         Punch             |     1 |     2 |     1 ||     4
   Cast: Necrotise         |       |       |     1 ||     1
  Evoke: Wand              |       |       |     8 ||     8
    Use: Potion            |       |     1 |     4 ||     5
         Scroll            |       |       |     7 ||     7
   Stab: Paralysed         |       |       |     2 ||     2
 Armour: Animal skin       |    11 |       |       ||    11
         Scale mail        |    31 |    56 |   141 ||   228
         Skin              |       |       |    33 ||    33
         Chain mail        |       |       |    34 ||    34
  Dodge: Dodged            |    52 |    44 |   112 ||   208
  Block: Tower shield      |       |       |    21 ||    21
   Form: Flux              |       |       |     2 ||     2
                           |       |       |     1 ||     1

Table legend: (Time is in decaauts)
 A = Elapsed time spent in this place.
 B = Non-inter-level travel time spent in this place.
 C = Inter-level travel time spent in this place.
 D = Time resting spent in this place.
 E = Time spent auto-exploring this place.
 F = Levels seen in this place.
 G = Mean time per level.
                   A        B        C        D        E       F      G
               +--------+--------+--------+--------+--------+-----+--------+
         Total |   5523 |   5098 |    425 |    508 |   3142 |   6 |  920.5 |
       Dungeon |   5523 |   5098 |    425 |    508 |   3142 |   6 |  920.5 |
               +--------+--------+--------+--------+--------+-----+--------+

Top non-repeatable levels by time:
     D:4: 1388 daAuts
     D:3: 1332 daAuts
     D:1: 1188 daAuts
     D:5: 1015 daAuts
     D:2: 578 daAuts
     D:6: 19 daAuts
